 Dungeon Crawl Stone Soup version 0.30-a0-1094-g860fb061e7 (webtiles) character file.

Game seed: 4491712686609296600

48 lunkers the Slasher (level 4, -1/38 HPs)
             Began as a Meteoran Fighter on Apr 17, 2023.
             Slain by an adder (3 damage)
             ... on level 2 of the Dungeon.
             The game lasted 00:01:18 (402 turns).

lunkers the Slasher (Meteoran Fighter)               Turns: 402, Time: 00:01:19

Health: -1/38      AC:  6    Str: 18    XL:     4   Next: 18%
Magic:  5/5        EV:  9    Int: 15    God:
Gold:   43         SH:  5    Dex: 15    Spells: 3/3 levels left

rFire   . . .      SeeInvis .    a - +0 long sword
rCold   . . .      Faith    .    c - +0 buckler
rNeg    . . .      Spirit   .    b - +0 scale mail
rPois   .          Reflect  .    (no helmet)
rElec   .          Rampage  .    (no cloak)
rCorr   .                        (no gloves)
Will    .....                    (no boots) Stlth
                                 (no amulet)
HPRegen 0.26/turn                e - +6 ring of intelligence
MPRegen 0.09/turn                (no ring)

@: mighty, glowing
A: sense surroundings 1, otherworldly, glowing, explore regen
a: no special abilities


You were on level 2 of the Dungeon.
You visited 1 branch of the dungeon, and saw 2 of its levels.

You collected 43 gold pieces.

Inventory:

Hand Weapons
 a - a +0 long sword (weapon)
Armour
 b - a +0 scale mail (worn)
 c - a +0 buckler (worn)
Jewellery
 e - a +6 ring of intelligence (left hand)
 h - a ring of wizardry
Scrolls
 g - a scroll of silence {unknown}
 i - a scroll of teleportation {unknown}
Potions
 f - a potion of brilliance {unknown}
 j - a potion of flight {unknown}


   Skills:
 - Level 3.2 Fighting
 * Level 4.8 Long Blades
 - Level 3.6 Armour
 - Level 3.6 Shields


You had 3 spell levels left.
You didn't know any spells.
Your spell library was empty.

Dungeon Overview and Level Annotations

Branches:
Dungeon (2/15) Zot: 775

Altars:


Innate Abilities, Weirdness & Mutations

You passively map a small area around you.
You are easily found by Zot.
You glow in the dark.
You regain HP and MP as you explore.


Message History

You barely miss the endoplasm.
You feel sick. The endoplasm freezes you.
You are frozen.
* * * LOW HITPOINT WARNING * * *
The endoplasm hits you but does no damage.
You feel very mighty all of a sudden.
You feel sick.
You are no longer poisoned.
The endoplasm jiggles.
The endoplasm closely misses you.
You slash the endoplasm!
You kill the endoplasm!
You completely miss the adder. The adder barely misses you.
You block the adder's attack.
You closely miss the adder. The adder bites you.
* * * LOW HITPOINT WARNING * * *
You are poisoned.
The adder poisons you! The adder bites you but does no damage.
You barely miss the adder.
* * * LOW HITPOINT WARNING * * *
You feel sick. The adder barely misses you.
You miss the adder.
* * * LOW HITPOINT WARNING * * *
You feel sick. The adder bites you but does no damage.
You barely miss the adder.
* * * LOW HITPOINT WARNING * * *
You feel sick. The adder closely misses you.
The adder bites you but does no damage.
You closely miss the adder.
* * * LOW HITPOINT WARNING * * *
You feel sick.
You are no longer poisoned.
The adder bites you but does no damage.
You closely miss the adder.
The adder bites you but does no damage. x2
Unknown command.
You barely miss the adder.
The adder bites you but does no damage. x2
You slash the adder!
The adder is almost dead.
The adder bites you.
You die...

........g........#
........g......... *
##........####.###,
<.......g.# .# # * ,
#..>....# .# ..# #..#.....#
##.# #.# .#####..# #.. #.###
# ######..## #.#*###...######
..#.......# #@# #.........<#
..........# #S# #..........#
..........####g# #..........#
......†..g..##g###..........#
.........##S.gg.............#
.........#.....###..........#
########........##..........#
,............#..........# ,
###.........############


You could see 4 gnolls and an adder.

Vanquished Creatures
  2 adders (D:2)
  A worm (D:2)
  2 dart slugs (D:1)
  A ball python (D:2)
  3 endoplasms
  3 giant cockroaches
  A goblin (D:1)
  A hobgoblin (D:1)
  2 kobolds (D:1)
  2 bats (D:1)
  A frilled lizard (D:1)
  3 rats
22 creatures vanquished.

Notes
Turn   | Place    | Note
-------+----------+-------------------------------------------
     0 | D:1      | lunkers the Meteoran Fighter began the quest for the Orb.
     0 | D:1      | Reached XP level 1. HP: 19/19 MP: 2/2
   102 | D:1      | Reached skill level 3 in Long Blades
   102 | D:1      | Reached XP level 2. HP: 23/26 MP: 3/3
   246 | D:1      | Reached XP level 3. HP: 26/31 MP: 4/4
   285 | D:1      | Reached skill level 4 in Long Blades
   391 | D:2      | Reached XP level 4. HP: 10/38 MP: 5/5
   398 | D:2      | HP: 1/38 [poisoned by an adder]
   402 | D:2      | Slain by an adder

Illustrated notes

Levels and vault maps discovered:
D:1:      dpeg_arrival_leaves_temple_mockup, layout_loops_ring,
          minmay_hedge_maze, chequers_serial_rivers_marsh
D:2:      layout_rooms

Skill      XL: |  1  2  3 |
---------------+----------+-----
Long Blades    | 3 4 |  4.8
Fighting       | |  3.2
Armour         | |  3.6
Shields        | |  3.6

Action                     |  1- 3 |  4- 6 || total
---------------------------+-------+-------++-------
  Melee: Long sword        |    75 |    11 ||    86
    Use: Potion            |       |     1 ||     1
 Armour: Scale mail        |    45 |     9 ||    54
  Dodge: Dodged            |    27 |     4 ||    31
  Block: Buckler           |    28 |     1 ||    29

Table legend: (Time is in decaauts)
 A = Elapsed time spent in this place.
 B = Non-inter-level travel time spent in this place.
 C = Inter-level travel time spent in this place.
 D = Time resting spent in this place.
 E = Time spent auto-exploring this place.
 F = Levels seen in this place.
 G = Mean time per level.
                   A        B        C        D        E       F      G
               +--------+--------+--------+--------+--------+-----+--------+
         Total |    423 |    399 |     24 |      0 |    186 |   2 |  211.5 |
       Dungeon |    423 |    399 |     24 |      0 |    186 |   2 |  211.5 |
               +--------+--------+--------+--------+--------+-----+--------+

Top non-repeatable levels by time:
     D:1: 323 daAuts
     D:2: 99 daAuts
